[Event "Early-Titled-Tuesday-Blitz-September-05-2023"]
[Site "Chess.com"]
[Date "2023.09.05"]
[Round "3"]
[White "platy3"]
[Black "Willychess95"]
[Result "1-0"]
[WhiteElo "2923"]
[BlackElo "2707"]
[TimeControl "180+1"]
[EndTime "8:22:22 PDT"]
[Termination "platy3 won by resignation"]

1. e4 c5 2. Nf3 d6 3. d4 cxd4 4. Nxd4 Nf6 5. Nc3 g6 6. Be3 a6 7. f3 b5 8. a4 e5 9. Nb3 b4 10.
Nd5 Bb7 11. Bb6 1-0

[Event "Early-Titled-Tuesday-Blitz-September-05-2023"]
[Site "Chess.com"]
[Date "2023.09.05"]
[Round "3"]
[White "TioCridineno"]
[Black "Sadykov_Ramil"]
[Result "0-1"]
[WhiteElo "2333"]
[BlackElo "2587"]
[TimeControl "180+1"]
[EndTime "8:22:26 PDT"]
[Termination "Sadykov_Ramil won by checkmate"]

1. e4 d6 2. d4 Nf6 3. Nc3 e5 4. dxe5 dxe5 5. Qxd8+ Kxd8 6. Bg5 Be6 7. O-O-O+ Nd7 8.
f3 c6 9. Nge2 Kc7 10. Be3 Bc5 11.
Bxc5 Nxc5 12. Ng3 b5 13. Be2 b4 14. Nb1 Bxa2 15. b3 a5 16. Kb2 a4 17. Kxa2 axb3+ 18. Kb2 Ra2+ 19. Kc1 Rxc2# 0-1

[Event "Early-Titled-Tuesday-Blitz-September-05-2023"]
[Site "Chess.com"]
[Date "2023.09.05"]
[Round "3"]
[White "Tsyhanchuk_Stanislav"]
[Black "miraitrunks"]
[Result "1-0"]
[WhiteElo "2401"]
[BlackElo "2021"]
[TimeControl "180+1"]
[EndTime "8:22:39 PDT"]
[Termination "Tsyhanchuk_Stanislav won by resignation"]

1. e4 c5 2. Nf3 e6 3. c4 Nc6 4. Nc3 d6 5. d4 cxd4 6. Nxd4 Nf6 7. Be3 Be7 8. Be2 O-O 9. O-O Bd7 10. Rc1 Nxd4 11.
Bxd4 Bc6 12. f3 e5 13. Be3 a6 14. b4 Rc8 15. a4 Nh5 16. b5 a5 17. bxc6 1-0

[Event "Early-Titled-Tuesday-Blitz-September-05-2023"]
[Site "Chess.com"]
[Date "2023.09.05"]
[Round "3"]
[White "TC2304"]
[Black "Druid24"]
[Result "0-1"]
[WhiteElo "2355"]
[BlackElo "2646"]
[TimeControl "180+1"]
[EndTime "8:23:00 PDT"]
[Termination "Druid24 won by resignation"]

1. c4 e5 2. Nc3 Nc6 3. g3 f5 4. Bg2 Nf6 5. Nd5 Bc5 6. e3 O-O 7. Ne2 d6 8. Nec3 Be6 9. O-O e4 10. d4 exd3 11. Qxd3 Ne5 12. Qe2 c6 13. Nxf6+ Qxf6 14. a3 Bxc4 15. Qd1 Bxf1 16. Qxf1 d5 17. b4 Bd6 18. Bb2 Rae8 19. Ne2 Qf7 20. h4 Nc4 21.
Bd4 Be5 22. a4 Bxd4 23. Nxd4 g6 24. b5 c5 25. Nb3 b6 26. Rd1 Rd8 27. Kh2 Ne5 28.
Qh1 d4 29. exd4 Qxb3 30. Rb1 Ng4+ 0-1

[Event "Early-Titled-Tuesday-Blitz-September-05-2023"]
[Site "Chess.com"]
[Date "2023.09.05"]
[Round "3"]
[White "mishanick"]
[Black "chito89"]
[Result "1-0"]
[WhiteElo "3058"]
[BlackElo "2802"]
[TimeControl "180+1"]
[EndTime "8:23:12 PDT"]
[Termination "mishanick won by resignation"]

1. d4 Nf6 2. c4 e6 3. Nc3 d5 4.
Nf3 Bb4 5. e3 O-O 6. Bd3 b6 7.
O-O Ba6 8. cxd5 Bxd3 9. Qxd3 exd5 10. Bd2 c6 11. Ne5 Bd6 12. f4 Qe7 13. Rac1 Qb7 14.
Be1 Nbd7 15. Bh4 Rac8 16. Nxd7 Nxd7 17. e4 dxe4 18. Nxe4 Qb8 19. d5 Nc5 20. Nf6+ 1-0

[Event "Early-Titled-Tuesday-Blitz-September-05-2023"]
[Site "Chess.com"]
[Date "2023.09.05"]
[Round "3"]
[White "RamyresCoelho"]
[Black "Rutvij09"]
[Result "0-1"]
[WhiteElo "2298"]
[BlackElo "2526"]
[TimeControl "180+1"]
[EndTime "8:23:30 PDT"]
[Termination "Rutvij09 won by resignation"]

1. e4 c5 2. Nf3 d6 3. d4 cxd4 4.
Nxd4 Nf6 5. Nc3 a6 6. f3 e5 7. Nb3 h5 8. Be3 Be6 9. Qd2 Be7 10. O-O-O Nbd7 11. h3 b5 12. f4 exf4 13. Bxf4 Ne5 14. Nd5 Nxe4 15. Qe1 Bxd5 16. Rxd5 Nf6 17. Rd2 Qc7 18.
Kb1 O-O 19. Nd4 Rfe8 20. Nf5 Bf8 21. Qg3 Ne4 22. Qh4 Ng6 23. Qxh5 Nxf4 24. Qg4 Nxd2+ 25. Ka1 Re1+ 0-1

[Event "Early-Titled-Tuesday-Blitz-September-05-2023"]
[Site "Chess.com"]
[Date "2023.09.05"]
[Round "3"]
[White "francyIM"]
[Black "Doomfist26"]
[Result "1-0"]
[WhiteElo "2850"]
[BlackElo "2612"]
[TimeControl "180+1"]
[EndTime "8:23:32 PDT"]
[Termination "francyIM won by resignation"]

1. b3 Nf6 2. Bb2 g6 3. Bxf6 exf6 4. c4 d5 5. e3 Bg7 6. cxd5 Qxd5 7. Nc3 Qa5 8. Rc1 O-O 9. Nf3 c6 10. a4 Be6 11.
Nd4 Nd7 12. Nxe6 fxe6 13. Bc4 Rae8 14. d4 Nb6 15. O-O Nxc4 16. bxc4 Rd8 17. Qb3 Qc7 18. c5 Qe7 19. Rb1 Rd7 20. Ne4 Rb8 21. a5 a6 22. Qc4 f5 23. Nd6 Bf8 24. Qc3 Qf6 25. Nc4 Bxc5 26. Ne5 Rd5 27. Nxc6 Rc8 28. Ne5 Rdd8 29.
dxc5 1-0

[Event "Early-Titled-Tuesday-Blitz-September-05-2023"]
[Site "Chess.com"]
[Date "2023.09.05"]
[Round "3"]
[White "assezde36"]
[Black "zverr1"]
[Result "1-0"]
[WhiteElo "2773"]
[BlackElo "2489"]
[TimeControl "180+1"]
[EndTime "8:23:34 PDT"]
[Termination "assezde36 won by resignation"]

1. c4 e5 2. Nf3 Nc6 3. d4 exd4 4.
Nxd4 g6 5. Nxc6 bxc6 6. g3 Bg7 7.
Bg2 Rb8 8. Nc3 Nf6 9. O-O O-O 10. Qc2 Re8 11. Rd1 c5 12. b3 d6 13. Bb2 Bf5 14.
Qd2 Qe7 15. e3 Ne4 16. Nxe4 Bxe4 17. Bxg7 Kxg7 18. Qa5 Bxg2 19. Kxg2 Qe4+ 20. Kg1 Qc6 21. Rd5 Kg8 22. Rad1 Qb6 23. Qc3 Qa6 24. R1d2 Qc8 25. h4 Qg4 26. h5 gxh5 27. Qf6 Re6 28. Rg5+ Kf8 29. Qg7+ 1-0

[Event "Early-Titled-Tuesday-Blitz-September-05-2023"]
[Site "Chess.com"]
[Date "2023.09.05"]
[Round "3"]
[White "Ncatt"]
[Black "yoelpolanco"]
[Result "1-0"]
[WhiteElo "2456"]
[BlackElo "2225"]
[TimeControl "180+1"]
[EndTime "8:23:38 PDT"]
[Termination "Ncatt won by resignation"]

1. e4 e5 2. Nf3 Nc6 3. Bc4 Bc5 4. O-O Nf6 5. d4 exd4 6. e5 d5 7. exf6 dxc4 8. fxg7 Rg8 9. Bg5 f6 10. Qe2+ Kf7 11.
Qxc4+ Be6 12. Qxc5 fxg5 13. Nxg5+ Kf6 14. Nd2 Qd5 15. Nde4+ Kxg7 16. Nxe6+ Qxe6 17. Rfe1 Rae8 18. c3 d3 19. Rad1 1-0

[Event "Early-Titled-Tuesday-Blitz-September-05-2023"]
[Site "Chess.com"]
[Date "2023.09.05"]
[Round "3"]
[White "slidingknight2775"]
[Black "Road2GM3000"]
[Result "1-0"]
[WhiteElo "2581"]
[BlackElo "2367"]
[TimeControl "180+1"]
[EndTime "8:23:50 PDT"]
[Termination "slidingknight2775 won by checkmate"]

1. d4 d5 2. c4 c6 3. Nf3 Nf6 4. g3 a6 5. Bg2 Bg4 6. cxd5 cxd5 7. Ne5 Bf5 8. Qb3 Ra7 9. Nc3 e6 10. O-O Be7 11. Bf4 O-O 12. h3 Nbd7 13. Rfd1 Nxe5 14. dxe5 Nd7 15. e4 dxe4 16. Nxe4 Qe8 17. Nd6 Bxd6 18. Rxd6 b5 19. Rc1 Qb8 20. Qc3 Nb6 21. b3 Rc8 22. Qxc8+ Nxc8 23. Rd8# 1-0

[Event "Early-Titled-Tuesday-Blitz-September-05-2023"]
[Site "Chess.com"]
[Date "2023.09.05"]
[Round "3"]
[White "chessculator16"]
[Black "joksijoksi"]
[Result "1-0"]
[WhiteElo "2218"]
[BlackElo "2532"]
[TimeControl "180+1"]
[EndTime "8:23:55 PDT"]
[Termination "chessculator16 won by resignation"]

1. d4 d5 2. c4 c6 3. Nc3 Nf6 4.
e3 Bf5 5. cxd5 cxd5 6. Qb3 Nc6 7. Qxb7 Bd7 8. Qb3 Rb8 9. Qd1 e5 10. dxe5 Nxe5 11. Nf3 Nxf3+ 12. Qxf3 Bb4 13. Bd3 Bd6 14. h3 O-O 15. O-O Qe7 16. Nxd5 Nxd5 17. Qxd5 Rbc8 18. Qe4 Qxe4 19. Bxe4 Be5 20. Rb1 Bb5 21. Re1 Rc7 22. Bd2 f5 23. Bd5+ Kh8 24. Bb4 Rfc8 25. f4 Bf6 26. Be6 Re8 27. Bxf5 g6 28. Bg4 Rc2 29. Bc3 Kg7 30. Bd1 1-0

[Event "Early-Titled-Tuesday-Blitz-September-05-2023"]
[Site "Chess.com"]
[Date "2023.09.05"]
[Round "3"]
[White "vladgoncharov"]
[Black "UB_TheQueen"]
[Result "1-0"]
[WhiteElo "2535"]
[BlackElo "2083"]
[TimeControl "180+1"]
[EndTime "8:23:58 PDT"]
[Termination "vladgoncharov won by checkmate"]

1. d4 Nf6 2. c4 e6 3. Nc3 Bb4 4.
e3 O-O 5. Bd3 d6 6. Ne2 e5 7.
O-O Nc6 8. a3 Bxc3 9. Nxc3 exd4 10. exd4 Nxd4 11. Bxh7+ Kxh7 12. Qxd4 Bf5 13. Bg5 Re8 14.
Rfe1 Re6 15. Nd5 c6 16. Qh4+ Kg6 17. Nf4# 1-0

[Event "Early-Titled-Tuesday-Blitz-September-05-2023"]
[Site "Chess.com"]
[Date "2023.09.05"]
[Round "3"]
[White "thedjoker98"]
[Black "Chessdude1987"]
[Result "1-0"]
[WhiteElo "2611"]
[BlackElo "2429"]
[TimeControl "180+1"]
[EndTime "8:24:04 PDT"]
[Termination "thedjoker98 won by resignation"]

1. d4 e6 2. c4 f5 3. g3 Nf6 4. Bg2 Be7 5. Nf3 O-O 6. O-O d6 7. Nc3 Ne4 8. Nxe4 fxe4 9. Ne1 d5 10. Be3 Bf6 11. f3 c5 12. Nc2 Nc6 13. cxd5 exd5 14.
fxe4 dxe4 15. dxc5 Qe7 16. Qd5+ Be6 17. Qxe4 Bxb2 18.
Rxf8+ Rxf8 19. Rb1 Bf6 20. Nd4 Nxd4 21. Bxd4 Bxd4+ 22. Qxd4 Bxa2 23. Rxb7 Qf6 24. Qxf6 Rc8 1-0

[Event "Early-Titled-Tuesday-Blitz-September-05-2023"]
[Site "Chess.com"]
[Date "2023.09.05"]
[Round "3"]
[White "milovichalex"]
[Black "vishwa_vijeta"]
[Result "0-1"]
[WhiteElo "2282"]
[BlackElo "2508"]
[TimeControl "180+1"]
[EndTime "8:24:07 PDT"]
[Termination "vishwa_vijeta won by resignation"]

1. e4 c5 2. Nf3 d6 3. d4 cxd4 4.
Nxd4 Nf6 5. Nc3 g6 6. Bg5 Bg7 7. Bxf6 Bxf6 8. Nd5 Bg7 9. Bb5+ Bd7 10. Bxd7+ Nxd7 11. O-O O-O 12. c3 e6 13. Ne3 Nc5 14. Nb5 Nxe4 15. f3 Qb6 16. Nd4 Nc5 17. Nc4 Qa6 18. b3 Rad8 19. Rf2 d5 20. Ne3 e5 21. Ndc2 d4 22. cxd4 exd4 23. Nc4 d3 24. Nb4 Qb5 25. a3 Bxa1 26. Qxa1 Nxb3 27. Qc3 d2 28. Nxd2 Nxd2 29. Rxd2 Qb6+ 30. Kf1 Rc8 31. Qa1 Rfd8 32. Nd5 Qb5+ 33. Kf2 Rxd5 0-1

[Event "Early-Titled-Tuesday-Blitz-September-05-2023"]
[Site "Chess.com"]
[Date "2023.09.05"]
[Round "3"]
[White "leschebaza"]
[Black "ashwanitiwari"]
[Result "1-0"]
[WhiteElo "2415"]
[BlackElo "2120"]
[TimeControl "180+1"]
[EndTime "8:24:09 PDT"]
[Termination "leschebaza won by resignation"]

1. d4 f5 2. Bg5 c6 3. c4 Qb6 4. Qd2 e6 5. Nc3 d5 6. e3 Nd7 7. Nf3 Ngf6 8. Bd3 Bb4 9. a3 Bxc3 10. Qxc3 Ne4 11. Bxe4 fxe4 12. Nd2 O-O 13. O-O Nf6 14. Bxf6 Rxf6 15. f3 exf3 16. Nxf3 Bd7 17. Ne5 Qc7 18. Rxf6 gxf6 19. Nd3 Rf8 20. Rf1 b6 21. c5 b5 22.
Qe1 e5 23. dxe5 fxe5 24. Qg3+ 1-0

[Event "Early-Titled-Tuesday-Blitz-September-05-2023"]
[Site "Chess.com"]
[Date "2023.09.05"]
[Round "3"]
[White "AsaHoffmann"]
[Black "Andrej2004"]
[Result "1-0"]
[WhiteElo "2371"]
[BlackElo "2559"]
[TimeControl "180+1"]
[EndTime "8:24:12 PDT"]
[Termination "AsaHoffmann won by checkmate"]

1. d4 Nf6 2. Bg5 b6 3. f3 Bb7 4. e4 h6 5. Bh4 g5 6. Bf2 d6 7.
Nc3 Bg7 8. Bc4 O-O 9. Nge2 Nbd7 10. h4 g4 11. Qd2 c5 12. O-O-O cxd4 13. Nxd4 Ne5 14.
Bb3 e6 15. f4 Ng6 16. h5 Nxe4 17. Nxe4 Bxe4 18. hxg6 Bxg6 19. Nc6 Qc7 20. Qxd6 Qb7 21. Ne7+ Kh7 22. Nxg6 fxg6 23. Qd7 Qe4 24. Rxh6+ Kxh6 25. Rh1# 1-0

[Event "Early-Titled-Tuesday-Blitz-September-05-2023"]
[Site "Chess.com"]
[Date "2023.09.05"]
[Round "3"]
[White "Sanan_Sjugirov"]
[Black "DeArron_Fox"]
[Result "1-0"]
[WhiteElo "2905"]
[BlackElo "2506"]
[TimeControl "180+1"]
[EndTime "8:24:14 PDT"]
[Termination "Sanan_Sjugirov won by resignation"]

1. Nf3 d5 2. e3 Nf6 3. b3 e6 4. Bb2 Be7 5. c4 O-O 6. Be2 b6 7. O-O Bb7 8. Nc3 c5 9. cxd5 exd5 10. d4 Nc6 11. Rc1 Rc8 12. dxc5 bxc5 13. Na4 Ne4 14. Nd2 Qa5 15. Nxe4 dxe4 16. Bc4 Rfd8 17. Qh5 Bf8 18.
Qxf7+ 1-0

[Event "Early-Titled-Tuesday-Blitz-September-05-2023"]
[Site "Chess.com"]
[Date "2023.09.05"]
[Round "3"]
[White "Boxerandchessplayer"]
[Black "WilsonPalencia21"]
[Result "0-1"]
[WhiteElo "2080"]
[BlackElo "2530"]
[TimeControl "180+1"]
[EndTime "8:24:19 PDT"]
[Termination "WilsonPalencia21 won by resignation"]

1. d4 Nf6 2. Nf3 c5 3. d5 g6 4. c4 Bg7 5. Nc3 d6 6. e4 e6 7. Bd3 exd5 8. cxd5 a6 9. a4 Bg4 10. Bf4 Nh5 11. Bg3 O-O 12. O-O Re8 13. Re1 Nxg3 14.
hxg3 Nd7 15. a5 Rc8 16. Qb3 Rc7 17. Nd2 Bd4 18. Nc4 Ne5 19. Nd2 Nxd3 0-1

[Event "Early-Titled-Tuesday-Blitz-September-05-2023"]
[Site "Chess.com"]
[Date "2023.09.05"]
[Round "3"]
[White "WildTricks"]
[Black "IM_Tissir"]
[Result "1-0"]
[WhiteElo "2638"]
[BlackElo "2454"]
[TimeControl "180+1"]
[EndTime "8:24:21 PDT"]
[Termination "WildTricks won by resignation"]

1. e4 c5 2. Nf3 e6 3. d4 cxd4 4. Nxd4 Nf6 5. Nc3 d6 6. g4 a6 7. Be3 b5 8. Bg2 Bb7 9. g5 b4 10. gxf6 bxc3 11. fxg7 Bxg7 12. bxc3 Nd7 13. Rb1 Qc7 14.
O-O O-O 15. Kh1 Rab8 16. Ne2 Nf6 17. Ng3 d5 18. Rg1 dxe4 19. Bd4 Rfd8 20. Qe2 e5 21. Bb6 Qxc3 22. Bxd8 Rxd8 23. Rxb7 1-0

[Event "Early-Titled-Tuesday-Blitz-September-05-2023"]
[Site "Chess.com"]
[Date "2023.09.05"]
[Round "3"]
[White "Jumbo"]
[Black "Just_Lucky_1"]
[Result "1-0"]
[WhiteElo "2932"]
[BlackElo "2508"]
[TimeControl "180+1"]
[EndTime "8:24:34 PDT"]
[Termination "Jumbo won by resignation"]

1. d4 Nf6 2. c3 d5 3. Bf4 c5 4. e3 cxd4 5. exd4 Nc6 6. Bd3 Bg4 7. Qb3 Qc8 8. Nd2 e6 9. Ngf3 Be7 10. O-O O-O 11.
Rae1 Nh5 12. Be3 f5 13. Bg5 Bxf3 14. Nxf3 Bxg5 15. Nxg5 Nf4 16. Bb5 Nd8 17. g3 Ng6 18. Nxe6 Nxe6 19. Qxd5 Rf6 20. Bd7 Qc7 21. Rxe6 Rxe6 22.
Bxe6+ Kh8 23. Bxf5 Rd8 24. Qe4 1-0

[Event "Early-Titled-Tuesday-Blitz-September-05-2023"]
[Site "Chess.com"]
[Date "2023.09.05"]
[Round "3"]
[White "Chopper1905"]
[Black "Ramosha"]
[Result "1-0"]
[WhiteElo "2875"]
[BlackElo "2668"]
[TimeControl "180+1"]
[EndTime "8:24:36 PDT"]
[Termination "Chopper1905 won by resignation"]

1. d4 Nf6 2. c4 e6 3. Nf3 Bb4+ 4.
Bd2 Qe7 5. g3 O-O 6. Bg2 Bxd2+ 7.
Nfxd2 Nc6 8. e3 d6 9. Nc3 e5 10. d5 Nb8 11. O-O a5 12. a3 Na6 13. b4 b6 14. Rb1 Bd7 15. Qc2 g6 16. Nb5 axb4 17. axb4 Rfc8 18. Nc3 h5 19. Qb2 h4 20. Ra1 hxg3 21. hxg3 Ra7 22. Nb5 Raa8 23. Ra3 c6 24. dxc6 Bxc6 25. Bxc6 Rxc6 26. Rfa1 Qb7 27. Qa2 d5 28.
Rxa6 Rd8 29. Ra8 Qc8 30. Rxc8 1-0

[Event "Early-Titled-Tuesday-Blitz-September-05-2023"]
[Site "Chess.com"]
[Date "2023.09.05"]
[Round "3"]
[White "dosto07"]
[Black "Rsnr"]
[Result "0-1"]
[WhiteElo "2510"]
[BlackElo "2908"]
[TimeControl "180+1"]
[EndTime "8:24:36 PDT"]
[Termination "Rsnr won by resignation"]

1. e4 c6 2. d4 d5 3. Nc3 dxe4 4. Nxe4 Bf5 5. Ng3 Bg6 6. h4 h6 7. Nf3 e6 8. h5 Bh7 9. Bd3 Bxd3 10. Qxd3 Nf6 11. Bd2 c5 12. Bc3 Nc6 13. O-O-O Qd5 14.
dxc5 Qxd3 15. Rxd3 Bxc5 16. Bxf6 gxf6 17. Ne4 Be7 18. Nd6+ Bxd6 19. Rxd6 Rd8 20. Rhd1 Rxd6 21. Rxd6 Ke7 22. Rd3 Rg8 23. g3 f5 24. a3 Rg4 25.
b4 a6 26. Kb2 f4 27. Nd4 Ne5 28. Rc3 fxg3 29. f4 Rxf4 30. Ne2 g2 31. Rg3 Rg4 32. Rxg4 Nxg4 33. Kc3 f5 34. Kd4 e5+ 35. Kc5 f4 36. Ng1 e4 0-1

[Event "Early-Titled-Tuesday-Blitz-September-05-2023"]
[Site "Chess.com"]
[Date "2023.09.05"]
[Round "3"]
[White "Beca95"]
[Black "GMG"]
[Result "1/2-1/2"]
[WhiteElo "2983"]
[BlackElo "2788"]
[TimeControl "180+1"]
[EndTime "8:24:42 PDT"]
[Termination "Game drawn by repetition"]

1. d4 d5 2. c4 e6 3. Nf3 a6 4. cxd5 exd5 5. Nc3 c6 6. Bf4 Bd6 7. Bg3 Ne7 8. e3 O-O 9. Bd3 Bf5 10. Qc2 Bxd3 11. Qxd3 a5 12. Ng5 Ng6 13. Bxd6 Qxd6 14.
h4 h6 15. Nf3 Re8 16. O-O-O a4 17. g4 a3 18. b3 Na6 19. h5 Nb4 20. Qd2 Nf8 21. Kb1 Qf6 22. Ne5 Rxe5 23. dxe5 Qxe5 24. Qd4 Qe7 25. f4 Ne6 26. Qd2 Nc5 27. Qd4 Ne6 28. Qd2 Nc5 29. Qd4 Ne6 1/2-1/2

[Event "Early-Titled-Tuesday-Blitz-September-05-2023"]
[Site "Chess.com"]
[Date "2023.09.05"]
[Round "3"]
[White "RIPOL"]
[Black "frequentblunders"]
[Result "1-0"]
[WhiteElo "2405"]
[BlackElo "2089"]
[TimeControl "180+1"]
[EndTime "8:24:45 PDT"]
[Termination "RIPOL won by resignation"]

1. d4 e6 2. c4 c5 3. d5 exd5 4. cxd5 d6 5. Nc3 Nf6 6. e4 g6 7. h3 Bg7 8. Nf3 O-O 9. Bd3 Re8 10. O-O a6 11. a4 Nbd7 12. Bf4 Ne5 13. Bxe5 dxe5 14.
Nd2 Nh5 15. Re1 Nf4 16. Bf1 h5 17. Nc4 h4 18. a5 Qg5 19. Kh1 Bd7 20. Nb6 Rad8 21.
Nxd7 Rxd7 22. Na4 Bf8 23. Rc1 Rc8 24. Nb6 Rdc7 25. Nxc8 Rxc8 26. Qb3 Rc7 27. Qb6 Qd8 28. b4 c4 29. Rxc4 1-0

[Event "Early-Titled-Tuesday-Blitz-September-05-2023"]
[Site "Chess.com"]
[Date "2023.09.05"]
[Round "3"]
[White "Yuruultei"]
[Black "Rutricks"]
[Result "0-1"]
[WhiteElo "2354"]
[BlackElo "2639"]
[TimeControl "180+1"]
[EndTime "8:24:50 PDT"]
[Termination "Rutricks won by resignation"]

1. d4 g6 2. c4 Bg7 3. e4 d6 4. Nc3 Nd7 5. g3 e5 6. d5 a5 7. Bg2 h5 8. Nf3 Bh6 9. h4 Bxc1 10. Qxc1 Ngf6 11. a3 Nc5 12. Qd1 Bg4 13. b4 axb4 14.
axb4 Ncxe4 15. Rxa8 Qxa8 16. Nb5 Qa2 17. Qe2 Qb1+ 18.
Qd1 Qxd1+ 19. Kxd1 Nxf2+ 0-1

[Event "Early-Titled-Tuesday-Blitz-September-05-2023"]
[Site "Chess.com"]
[Date "2023.09.05"]
[Round "3"]
[White "szachuspl"]
[Black "Bugcrusher"]
[Result "0-1"]
[WhiteElo "2538"]
[BlackElo "2312"]
[TimeControl "180+1"]
[EndTime "8:24:58 PDT"]
[Termination "Bugcrusher won by resignation"]

1. d4 Nf6 2. c4 e6 3. Nf3 Nc6 4. a3 d6 5. Nc3 g6 6. e4 Bg7 7. Be2 O-O 8. O-O Re8 9. h3 e5 10. d5 Nd4 11. Be3 Nxe2+ 12. Qxe2 c5 13. b4 b6 14. Nd2 Nh5 15. bxc5 bxc5 16. Rfb1 Nf4 17.
Qf1 f5 18. Rb2 Nxh3+ 19. gxh3 f4 20. Qg2 Qh4 21. Kh2 Rf8 22. Nf1 fxe3 23. fxe3 Bh6 24. Re2 Bd7 25. Ng3 Rf7 26. a4 Raf8 27. Nb5 Bxh3 28.
Nf5 Bxf5+ 29. Kg1 Bxe4 30. Qh2 Qg4+ 0-1

[Event "Early-Titled-Tuesday-Blitz-September-05-2023"]
[Site "Chess.com"]
[Date "2023.09.05"]
[Round "3"]
[White "Rakitic2010"]
[Black "Kapitan_Bayan"]
[Result "1-0"]
[WhiteElo "2431"]
[BlackElo "2198"]
[TimeControl "180+1"]
[EndTime "8:24:58 PDT"]
[Termination "Rakitic2010 won on time"]

1. e4 c5 2. Nf3 d6 3. c3 Nf6 4. Be2 g6 5. O-O Bg7 6. Re1 O-O 7. Bf1 e5 8. h3 Nc6 9. d4 cxd4 10. cxd4 exd4 11.
Nxd4 Nxd4 12. Qxd4 Be6 13. Nc3 Rc8 14. Bg5 h6 15. Bh4 g5 16. Bg3 Nh5 17. Qxd6 Nxg3 18. Qxg3 Qb6 19. Rad1 Qxb2 20. Nd5 Kh8 21. a3 Bc3 22.
Nxc3 Qxc3 23. Qd6 Qc5 24. Qd2 Rcd8 25. Qb2+ Kg8 26. Qxb7 Rb8 27. Qa6 1-0

[Event "Early-Titled-Tuesday-Blitz-September-05-2023"]
[Site "Chess.com"]
[Date "2023.09.05"]
[Round "3"]
[White "Harry_Rakkel"]
[Black "Fleetw00dMac"]
[Result "1-0"]
[WhiteElo "2651"]
[BlackElo "2464"]
[TimeControl "180+1"]
[EndTime "8:25:00 PDT"]
[Termination "Harry_Rakkel won by resignation"]

1. e4 e5 2. Nf3 Nc6 3. Bc4 Bc5 4.
O-O Nf6 5. d3 a6 6. c3 Ba7 7.
Bb3 d6 8. Nbd2 O-O 9. h3 Ne7 10. Re1 Ng6 11. Nf1 h6 12. Be3 Bxe3 13. Nxe3 Re8 14.
Qd2 Be6 15. Rad1 Bxb3 16. axb3 a5 17. Nf5 Kh7 18. g3 Ne7 19. N3h4 Nxf5 20. Nxf5 Ng8 21.
d4 g6 22. Ne3 Nf6 23. dxe5 Nxe4 24. Qd5 Ng5 25. h4 c6 26. Qh1 Ne6 27. Rxd6 Qb6 28. h5 g5 29. Qe4+ Kg8 30. Ng4 1-0

[Event "Early-Titled-Tuesday-Blitz-September-05-2023"]
[Site "Chess.com"]
[Date "2023.09.05"]
[Round "3"]
[White "Orlov_Oleg"]
[Black "ExtremeLearner"]
[Result "1-0"]
[WhiteElo "2584"]
[BlackElo "2375"]
[TimeControl "180+1"]
[EndTime "8:25:03 PDT"]
[Termination "Orlov_Oleg won by resignation"]

1. e4 g6 2. d4 Bg7 3. Nc3 d5 4. exd5 Nf6 5. Bc4 O-O 6. Nge2 Nbd7 7. Nf4 Nb6 8. Bb3 a5 9. a4 Bg4 10. f3 Bf5 11. h4 Qd6 12. Be3 Rfd8 13. Qe2 Qb4 14. g4 Bc8 15. O-O-O Bd7 16. g5 Nh5 17. Nd3 Qd6 18. Ne4 Qb4 19. Nxb4 1-0

[Event "Early-Titled-Tuesday-Blitz-September-05-2023"]
[Site "Chess.com"]
[Date "2023.09.05"]
[Round "3"]
[White "kleinebeer98"]
[Black "guillembaches"]
[Result "0-1"]
[WhiteElo "2835"]
[BlackElo "2513"]
[TimeControl "180+1"]
[EndTime "8:25:04 PDT"]
[Termination "guillembaches won by resignation"]

1. a4 d5 2. Ra3 Nf6 3. Rg3 Bf5 4. b3 e6 5. Bb2 Ne4 6. e3 Nxg3 7. hxg3 Nd7 8. Nf3 Nf6 9. Nh4 Be7 10. Nc3 c6 11. Nxf5 exf5 12. Bd3 Ne4 13. Qf3 Qd7 14. Ne2 f6 15. Nf4 O-O-O 16. a5 Bb4 17. c3 Bxa5 18. Qe2 Bc7 19. O-O h5 20.
Ra1 Kb8 21. c4 Bxf4 22. gxf4 dxc4 23. Bxe4 fxe4 24. Qxc4 Qd5 25. Qa4 a6 26. Bd4 h4 27.
Qb4 Qb5 28. Qe7 h3 29. g3 h2+ 30.
Kh1 Qe2 31. Qxe4 Rxd4 0-1

[Event "Early-Titled-Tuesday-Blitz-September-05-2023"]
[Site "Chess.com"]
[Date "2023.09.05"]
[Round "3"]
[White "Jmf24"]
[Black "maurovargas01"]
[Result "1-0"]
[WhiteElo "2384"]
[BlackElo "1865"]
[TimeControl "180+1"]
[EndTime "8:25:09 PDT"]
[Termination "Jmf24 won on time"]

1. Nf3 Nc6 2. c4 e5 3. Nc3 f5 4. g3 Nf6 5. d4 e4 6. Nh4 g6 7. f3 Bb4 8. Bg2 Bxc3+ 9. bxc3 d6 10. O-O g5 11. Bxg5 Bd7 12. Nxf5 Bxf5 13. fxe4 Bg6 14. Bxf6 Qd7 15. Bxh8 O-O-O 16. Bf6 Re8 17. Qd3 d5 18. cxd5 Ne7 19. Bxe7 Qxe7 20. Rab1 Rd8 21. Qb5 b6 22. Qc6 Rd6 23. Qa8+ Kd7 24. e5 Bxb1 25.
e6+ 1-0

[Event "Early-Titled-Tuesday-Blitz-September-05-2023"]
[Site "Chess.com"]
[Date "2023.09.05"]
[Round "3"]
[White "LeoLV10"]
[Black "Goi_Manne"]
[Result "1-0"]
[WhiteElo "2477"]
[BlackElo "2295"]
[TimeControl "180+1"]
[EndTime "8:25:10 PDT"]
[Termination "LeoLV10 won by resignation"]

1. e4 c6 2. d4 d5 3. e5 Bf5 4. g4 Be4 5. f3 Bg6 6. e6 Qd6 7. exf7+ Bxf7 8. Ne2 Nf6 9. Bf4 Qb4+ 10. Nbc3 Nbd7 11. Bg2 g6 12. O-O Bg7 13. Qd2 O-O-O 14. a3 Qb6 15. b4 h6 16. Rfb1 g5 17. Bg3 h5 18. a4 hxg4 19. a5 Qa6 20. b5 cxb5 21.
Nxb5 Nb8 22. Qc3+ Nc6 23. Nxa7+ Qxa7 24. a6 Ne4 25. axb7+ Qxb7 26. fxe4 1-0

[Event "Early-Titled-Tuesday-Blitz-September-05-2023"]
[Site "Chess.com"]
[Date "2023.09.05"]
[Round "3"]
[White "marianokar"]
[Black "CFalcons8"]
[Result "1-0"]
[WhiteElo "2490"]
[BlackElo "2269"]
[TimeControl "180+1"]
[EndTime "8:25:10 PDT"]
[Termination "marianokar won by resignation"]

1. e4 e5 2. Nf3 Nc6 3. d4 exd4 4.
Bc4 Nf6 5. e5 d5 6. Bb5 Ne4 7.
Nxd4 Bd7 8. Bxc6 bxc6 9. O-O Bc5 10. Be3 O-O 11. f3 Ng5 12. Nd2 Ne6 13. N2b3 Bb6 14. Qd2 Qe7 15. f4 Nxd4 16. Nxd4 c5 17. Nf3 d4 18.
Bf2 Bb5 19. Rfe1 Rad8 20. a4 1-0

[Event "Early-Titled-Tuesday-Blitz-September-05-2023"]
[Site "Chess.com"]
[Date "2023.09.05"]
[Round "3"]
[White "03revilo"]
[Black "juancruzarias"]
[Result "1-0"]
[WhiteElo "2437"]
[BlackElo "2675"]
[TimeControl "180+1"]
[EndTime "8:25:11 PDT"]
[Termination "03revilo won by resignation"]

1. e4 c6 2. Nf3 d5 3. Nc3 dxe4 4. Nxe4 Nf6 5. Qe2 Nxe4 6. Qxe4 Be6 7. c4 Nd7 8. d4 Nf6 9. Qc2 g6 10. Bf4 Bf5 11. Bd3 Bxd3 12. Qxd3 Bg7 13. O-O O-O 14. Rfe1 e6 15. Rab1 Qa5 16. b4 Qf5 17. Qxf5 gxf5 18. b5 cxb5 19. Rxb5 b6 20. c5 Nd5 21. Be5 Rfc8 22.
Rc1 bxc5 23. dxc5 Bf8 24. c6 f6 25. Rxd5 exd5 26. Bf4 a5 27. Nd4 Ra6 28. c7 Bd6 29. Nxf5 Bxf4 30. Ne7+ Kf8 31. Nxc8 Bxc1 32. Nb6 1-0